[Event "Titled Tuesday Blitz February 07 Late 2023"]
[White "Miszler, Levente"]
[Black "Taboas Rodriguez, Daniel"]
[WhiteFideId "763276"]
[BlackFideId "2208466"]
[WhiteElo "2271"]
[BlackElo "2371"]
[Result "1/2-1/2"]
[Round "06"]
[TimeControl "180+2"]
[Date "2023.02.07"]
[WhiteClock "0:01:37"]
[BlackClock "0:02:26"]

1. d4 Nf6 2. Nf3 g6 3. Bg5 Bg7 4. Qd2 d5 5. Nc3 Ne4 6. Nxe4 dxe4 7. Ne5 f6 8. Bh6 Bxh6 9. Qxh6 fxe5 10. Qg7 Rf8 11. Qxh7 Qxd4 12. Qxg6+ Rf7 13. Qg8+ Rf8 14. Qg6+ Rf7 15. Qg8+ Rf8 16. Qg6+ 1/2-1/2


[Site "https://www.chess.com"]

[Event "Titled Tuesday Blitz February 07 Late 2023"]
[White "Maltsevskaya, Aleksandra"]
[Black "Gerbelli Neto, Eduardo"]
[WhiteFideId "24174041"]
[BlackFideId "2103281"]
[WhiteElo "2390"]
[BlackElo "2114"]
[Result "1-0"]
[Round "06"]
[TimeControl "180+2"]
[Date "2023.02.07"]
[WhiteClock "0:02:32"]
[BlackClock "0:00:40"]

1. Nf3 Nf6 2. g3 g6 3. d3 Bg7 4. Nbd2 d5 5. Bg2 d4 6. O-O O-O 7. c3 Nc6 8. cxd4 Nxd4 9. Nxd4 Qxd4 10. Nf3 Qb6 11. Qc2 c6 12. Be3 Qa5 13. a3 Qh5 14. b4 Ng4 15. Bd4 Bxd4 16. h3 Bxa1 17. hxg4 Bxg4 18. Rxa1 Rfd8 19. Rc1 a5 20. Qb2 axb4 21. Qxb4 Rd7 22. Rc5 Rd5 23. Rxd5 cxd5 24. Qxb7 Rxa3 25. Qb8+ Kg7 26. Qb2+ f6 27. Qxa3 Kf7 28. Qc5 Be6 29. Nd4 Qe5 30. Nxe6 Kxe6 31. Qc6+ 1-0


[Site "https://www.chess.com"]

[Event "Titled Tuesday Blitz February 07 Late 2023"]
[White "ArchibaldCerveza29"]
[Black "Nunez V, Gustavo Eduardo"]
[BlackFideId "4403690"]
[WhiteElo "2520"]
[BlackElo "2212"]
[Result "1-0"]
[Round "06"]
[TimeControl "180+2"]
[Date "2023.02.07"]
[WhiteClock "0:01:02"]
[BlackClock "0:00:47"]

1. e4 c5 2. Nf3 Nc6 3. d4 cxd4 4. Nxd4 e5 5. Nb5 a6 6. Nd6+ Bxd6 7. Qxd6 Qf6 8. Qd1 Qg6 9. Nc3 Nge7 10. Be3 d6 11. Qd2 Be6 12. O-O-O Rd8 13. f3 h5 14. Bd3 O-O 15. h3 f5 16. exf5 Bxf5 17. Bc4+ Be6 18. Nd5 b5 19. Bb3 Kh8 20. Bg5 Rd7 21. Nxe7 Nxe7 22. Bxe7 Rxe7 23. Qxd6 Qg5+ 24. Kb1 Bxb3 25. axb3 Rff7 26. Qxa6 Qxg2 27. Qxb5 Rc7 28. Rd8+ Kh7 29. Qd3+ g6 30. Rc1 Rxf3 31. Qe4 Rf2 32. Qxe5 Rfxc2 33. Qh8# 1-0


[Site "https://www.chess.com"]

[Event "Titled Tuesday Blitz February 07 Late 2023"]
[White "Gomes, Luiz Alexandre de Souza"]
[Black "Reprintsev, Alexander"]
[WhiteFideId "2102790"]
[BlackFideId "14100541"]
[WhiteElo "2254"]
[BlackElo "2253"]
[Result "1-0"]
[Round "06"]
[TimeControl "180+2"]
[Date "2023.02.07"]
[WhiteClock "0:00:20"]
[BlackClock "0:00:13"]

1. e4 d5 2. exd5 Qxd5 3. Nc3 Qa5 4. Bc4 Nf6 5. d3 Bg4 6. f3 Be6 7. Bxe6 fxe6 8. Bd2 Nc6 9. Nge2 O-O-O 10. O-O h6 11. Kh1 g5 12. Ng3 Bg7 13. Re1 e5 14. a3 Nd4 15. b4 Qb6 16. Na4 Qc6 17. Nc5 Nd7 18. c3 Nxc5 19. bxc5 Ne6 20. Nf5 Qxc5 21. Be3 Qa5 22. Qb3 Qa6 23. Rab1 Bf6 24. d4 exd4 25. cxd4 Nf4 26. Bxf4 gxf4 27. Nxe7+ Bxe7 28. Rxe7 Rxd4 29. Qf7 Qd6 30. Rbe1 Rd8 31. h3 Rd1 32. Kh2 Rxe1 33. Rxe1 Qxa3 34. Qf5+ Kb8 35. Qf6 Qd6 36. Re6 Qd7 37. Qxh6 a5 38. Qf6 a4 39. Re7 Qd6 40. Re6 Qf8 41. Qc3 Qg8 42. Re1 Qg3+ 43. Kh1 a3 44. Rc1 c6 45. Qxa3 Qf2 46. Qb4 Qd2 47. Qc4 Rd7 48. Rc2 Qd1+ 49. Kh2 Qd3 50. Qxf4+ Qd6 51. Qxd6+ Rxd6 52. h4 Kc7 53. g4 b5 54. g5 b4 55. h5 b3 56. Rb2 Rd5 57. f4 Kd6 58. Kg3 Ke6 59. Kg4 Rb5 60. h6 Kf7 61. f5 c5 62. g6+ Kg8 63. f6 c4 64. f7+ Kf8 65. h7 1-0


[Site "https://www.chess.com"]

[Event "Titled Tuesday Blitz February 07 Late 2023"]
[White "Dauner, Benedikt"]
[Black "Rian, Kapriaga"]
[WhiteFideId "16225899"]
[BlackFideId "7103263"]
[WhiteElo "2400"]
[BlackElo "2089"]
[Result "0-1"]
[Round "06"]
[TimeControl "180+2"]
[Date "2023.02.07"]
[WhiteClock "0:00:14"]
[BlackClock "0:00:42"]

1. e4 c6 2. Nc3 d5 3. Nf3 Bg4 4. h3 Bxf3 5. Qxf3 Nf6 6. d3 e6 7. Be2 Nbd7 8. O-O Bb4 9. Qg3 O-O 10. e5 Ne8 11. Nd1 Qc7 12. c3 Be7 13. d4 f5 14. f4 c5 15. Be3 cxd4 16. cxd4 Qb6 17. Rb1 Rc8 18. Nc3 Nc7 19. Qf2 Na6 20. g4 g6 21. gxf5 gxf5 22. Kh2 Kh8 23. Rg1 Rg8 24. Bh5 Rcf8 25. Rxg8+ Rxg8 26. Rg1 Qd8 27. Rg2 Nc7 28. Qg1 Rxg2+ 29. Qxg2 Qg8 30. Qxg8+ Kxg8 31. Be2 a6 32. a3 b5 33. Bf2 Nb6 34. Kg2 Nc4 35. Bxc4 dxc4 36. Kf3 Kf7 37. Ke2 Ke8 38. Kd2 Kd7 39. Kc2 Kc6 40. Kd2 Nd5 41. Nxd5 Kxd5 42. Ke3 Bd8 43. Be1 Bb6 44. Bc3 Ba7 45. h4 h5 0-1


[Site "https://www.chess.com"]

[Event "Titled Tuesday Blitz February 07 Late 2023"]
[White "Lacasa Diaz, Jose Antonio"]
[Black "Koutlas, Nikolaos"]
[WhiteFideId "2203375"]
[BlackFideId "25827138"]
[WhiteElo "2359"]
[BlackElo "2341"]
[Result "0-1"]
[Round "06"]
[TimeControl "180+2"]
[Date "2023.02.07"]
[WhiteClock "0:00:32"]
[BlackClock "0:00:29"]

1. e4 e6 2. d4 d5 3. e5 c5 4. c3 Nc6 5. Nf3 Bd7 6. a3 c4 7. Nbd2 f6 8. g3 fxe5 9. dxe5 Nge7 10. h4 Ng6 11. Qe2 Qc7 12. Bh3 Ngxe5 13. O-O O-O-O 14. Re1 Nxf3+ 15. Nxf3 Bc5 16. Bf4 e5 17. Bxd7+ Qxd7 18. Nxe5 Nxe5 19. Qxe5 Bd6 20. Qxd6 Qxd6 21. Bxd6 Rxd6 22. Re7 Rd7 23. Rae1 Rhd8 24. R1e5 Rxe7 25. Rxe7 Rd7 26. Re8+ Kc7 27. Kg2 d4 28. cxd4 Rxd4 29. Kf3 Rd2 30. Re7+ Kc6 31. Re2 Rxe2 32. Kxe2 Kd5 33. Ke3 b5 34. g4 a5 35. f3 b4 36. axb4 axb4 37. h5 h6 38. f4 c3 39. bxc3 bxc3 40. g5 Kc4 41. f5 Kb3 42. f6 gxf6 43. gxf6 c2 44. Kf4 c1=Q+ 45. Kf5 Qg5+ 0-1


[Site "https://www.chess.com"]

[Event "Titled Tuesday Blitz February 07 Late 2023"]
[White "Vovk, Orest"]
[Black "Olsson, William"]
[WhiteFideId "14113490"]
[BlackFideId "1741721"]
[WhiteElo "2315"]
[BlackElo "2355"]
[Result "1-0"]
[Round "06"]
[TimeControl "180+2"]
[Date "2023.02.07"]
[WhiteClock "0:00:52"]
[BlackClock "0:00:01"]

1. h4 c5 2. h5 Nc6 3. h6 Nxh6 4. d4 cxd4 5. Bxh6 gxh6 6. Nf3 e5 7. c3 dxc3 8. Nxc3 Bb4 9. Rxh6 d5 10. a3 Bxc3+ 11. bxc3 Be6 12. e3 Qa5 13. Qb3 d4 14. Rxe6+ fxe6 15. Qxe6+ Ne7 16. Rc1 dxc3 17. Nxe5 c2+ 18. Ke2 Qa6+ 19. Qxa6 bxa6 20. Rxc2 Rb8 21. f4 Rb3 22. Kf3 Rxa3 23. Rc7 Rxe3+ 24. Kf2 Ra3 25. Rxa7 O-O 26. Bc4+ Kh8 27. Rxe7 Rxf4+ 28. Kg1 Ra1+ 29. Kh2 Rc1 30. Bxa6 Rh4+ 31. Kg3 Ra4 32. Bd3 Ra3 33. Rxh7+ Kg8 34. Rd7 Rc5 35. Kf4 1-0


[Site "https://www.chess.com"]

[Event "Titled Tuesday Blitz February 07 Late 2023"]
[White "Ruiz Aguilar, Pablo Alexander"]
[Black "Dragomirescu, Angela"]
[WhiteFideId "4401352"]
[BlackFideId "1209914"]
[WhiteElo "2161"]
[BlackElo "2130"]
[Result "1-0"]
[Round "06"]
[TimeControl "180+2"]
[Date "2023.02.07"]
[WhiteClock "0:00:48"]
[BlackClock "0:00:02"]

1. e4 c5 2. Nf3 d6 3. d4 cxd4 4. Nxd4 Nf6 5. Nc3 g6 6. Be3 Bg7 7. f3 Nc6 8. Qd2 O-O 9. Bc4 d5 10. Bxd5 Nxd5 11. exd5 Ne5 12. Qe2 Bd7 13. O-O Rc8 14. Bf2 Re8 15. Ne4 Nc4 16. b3 Nd6 17. c4 b5 18. Nxd6 exd6 19. Qd3 bxc4 20. bxc4 Qg5 21. Rae1 Bh3 22. Bg3 Bd7 23. Re4 Rxe4 24. fxe4 Qe7 25. Nb5 Bxb5 26. cxb5 Re8 27. Rc1 h5 28. Bf2 Qxe4 29. Qxe4 Rxe4 30. Bxa7 Ra4 31. Bf2 Rxa2 32. Rb1 Ra8 33. b6 1-0


[Site "https://www.chess.com"]

[Event "Titled Tuesday Blitz February 07 Late 2023"]
[White "Fajdetic, Hrvoje"]
[Black "Jimenez Almeida, Luis David"]
[WhiteFideId "14501945"]
[BlackFideId "22242244"]
[WhiteElo "2151"]
[BlackElo "2242"]
[Result "1-0"]
[Round "06"]
[TimeControl "180+2"]
[Date "2023.02.07"]
[WhiteClock "0:00:11"]
[BlackClock "0:00:25"]

1. d4 g6 2. e4 Bg7 3. Nc3 c5 4. d5 d6 5. Be2 Nf6 6. Bf4 O-O 7. Nf3 Bg4 8. Nd2 Bxe2 9. Qxe2 a6 10. a4 Nbd7 11. O-O b6 12. Nc4 Nh5 13. Bg5 h6 14. Bd2 Rb8 15. f4 b5 16. axb5 axb5 17. Na5 b4 18. Nc6 Qe8 19. Nxb8 bxc3 20. Nxd7 Qxd7 21. Bxc3 Bxc3 22. bxc3 Nf6 23. c4 Rb8 24. e5 Nh5 25. e6 fxe6 26. dxe6 Qc6 27. f5 Rf8 28. Ra7 Ng7 29. fxg6 Nf5 30. Qf3 Qb6 31. Rxe7 Qb2 32. Rf7 Qd4+ 33. Kh1 1-0


[Site "https://www.chess.com"]

[Event "Titled Tuesday Blitz February 07 Late 2023"]
[White "Cueto, Jonny"]
[Black "Iljin, Timofey"]
[WhiteFideId "3300145"]
[BlackFideId "14110180"]
[WhiteElo "2122"]
[BlackElo "2329"]
[Result "0-1"]
[Round "06"]
[TimeControl "180+2"]
[Date "2023.02.07"]
[WhiteClock "0:00:06"]
[BlackClock "0:02:17"]

1. d4 d5 2. Bf4 c5 3. e3 Nc6 4. Nf3 Nf6 5. Nbd2 cxd4 6. exd4 Bf5 7. c3 e6 8. Ne5 Bd6 9. Ndf3 O-O 10. Bd3 Ne4 11. O-O Qc7 12. Re1 f6 13. Nxc6 Bxf4 14. Nb4 Bd6 15. Nc2 g5 16. h3 h5 17. Bxe4 Bxe4 18. Nd2 Bf5 19. Ne3 Bg6 20. Rc1 Bh2+ 21. Kh1 Bf4 22. c4 dxc4 23. Nexc4 Qd7 24. Nf3 Bxc1 25. Qb3 Bf4 26. Na5 b6 27. Nc4 Rac8 28. Nfd2 Qd5 29. f3 Bxd2 30. Nxd2 Qxb3 31. Nxb3 Kf7 32. Rd1 Rfd8 33. Re1 Rd5 34. Kh2 Rcd8 35. h4 gxh4 36. Kh3 Bf5+ 37. Kxh4 Rg8 38. g4 hxg4 39. fxg4 Rxg4+ 40. Kh5 Rd8 0-1


[Site "https://www.chess.com"]

[Event "Titled Tuesday Blitz February 07 Late 2023"]
[White "Matko, Ognjen"]
[Black "Mione, Dario"]
[WhiteFideId "14509717"]
[BlackFideId "806625"]
[WhiteElo "2295"]
[BlackElo "2228"]
[Result "1-0"]
[Round "06"]
[TimeControl "180+2"]
[Date "2023.02.07"]
[WhiteClock "0:00:02"]
[BlackClock "0:00:02"]

1. e4 e5 2. Nf3 Nf6 3. Nxe5 d6 4. Nf3 Nxe4 5. d4 d5 6. c4 Bb4+ 7. Nbd2 Qe7 8. Be2 dxc4 9. O-O Nxd2 10. Bxd2 Bxd2 11. Qxd2 Bg4 12. h3 Bh5 13. Rfe1 O-O 14. Bxc4 Qd6 15. Ne5 Nc6 16. Qg5 Nxe5 17. dxe5 Qg6 18. Qf4 Qb6 19. Bb3 Rae8 20. Re3 Bg6 21. Rae1 Re7 22. h4 Rfe8 23. g4 h6 24. h5 Bh7 25. g5 hxg5 26. Qxg5 Qh6 27. Qg4 Kh8 28. a3 Bg8 29. Qf3 Qg5+ 30. Kf1 Rxe5 31. Rxe5 Rxe5 32. Rxe5 Qxe5 33. Bxf7 Qb5+ 34. Ke1 Qe5+ 35. Kf1 Qb5+ 36. Kg2 Qg5+ 37. Kh3 Bxf7 38. Qxf7 Qc5 39. Qe8+ Kh7 40. Qg6+ Kh8 41. h6 gxh6 42. Qxh6+ Kg8 43. Qg6+ Kf8 44. Qf6+ Ke8 45. Kg2 Kd7 46. Qf3 Qc6 47. Qxc6+ Kxc6 48. Kf3 Kd6 49. Kg4 Ke6 50. f4 Kf6 51. f5 c5 52. Kf4 b6 53. Ke4 a6 54. a4 b5 55. axb5 axb5 56. Kd5 c4 57. Kc5 Kxf5 58. Kxb5 Ke6 59. Kxc4 Kd7 60. Kb5 Kc7 61. Ka6 Kb8 62. Kb6 Ka8 63. b4 Kb8 64. b5 1-0


[Site "https://www.chess.com"]

[Event "Titled Tuesday Blitz February 07 Late 2023"]
[White "Jeziel_Vale"]
[Black "Urbina Perez, Juan Antonio"]
[BlackFideId "2217368"]
[WhiteElo "2276"]
[BlackElo "2266"]
[Result "0-1"]
[Round "06"]
[TimeControl "180+2"]
[Date "2023.02.07"]
[WhiteClock "0:00:11"]
[BlackClock "0:01:04"]

1. d4 Nf6 2. c4 e6 3. g3 Bb4+ 4. Bd2 Qe7 5. Bg2 O-O 6. a3 Bxd2+ 7. Qxd2 d6 8. Nf3 Nc6 9. Nc3 a5 10. O-O e5 11. d5 Nb8 12. e4 Bg4 13. Ne1 Qd7 14. f3 Bh3 15. Nd3 Bxg2 16. Qxg2 c6 17. Rac1 Na6 18. Na4 Qc7 19. Qf2 Rfc8 20. Qb6 Rab8 21. b3 c5 22. Qxc7 Nxc7 23. Nb6 Rd8 24. Rce1 Nd7 25. Nxd7 Rxd7 26. f4 f6 27. fxe5 fxe5 28. Rf5 b5 29. Ref1 h6 30. Nb2 Na6 31. h4 bxc4 32. Nxc4 Rxb3 33. Nxa5 Rxa3 34. Rf8+ Kh7 35. Nc6 Rxg3+ 36. Kh2 Rg4 37. Kh3 Rxe4 38. Nd8 Nb4 39. Ne6 Re3+ 40. Kh2 Re2+ 41. Kh3 Nxd5 42. R8f7 Rxf7 43. Rxf7 Nf4+ 44. Nxf4 exf4 45. Rxf4 Re5 46. Rf7 Kg6 47. Rd7 Rd5 48. Kg3 c4 49. Rc7 Rc5 50. Rd7 c3 51. Rxd6+ Kh5 52. Rd1 c2 53. Rc1 Rc3+ 54. Kf4 Kxh4 55. Ke4 Kg3 56. Kd4 Rc7 57. Rg1+ Kf2 58. Rc1 h5 0-1


[Site "https://www.chess.com"]

[Event "Titled Tuesday Blitz February 07 Late 2023"]
[White "Talbi, Chafik"]
[Black "Rodriguez Fontecha, Marcos"]
[WhiteFideId "7903715"]
[BlackFideId "2256576"]
[WhiteElo "2224"]
[BlackElo "2309"]
[Result "0-1"]
[Round "06"]
[TimeControl "180+2"]
[Date "2023.02.07"]
[WhiteClock "0:00:01"]
[BlackClock "0:00:04"]

1. e4 d5 2. exd5 Qxd5 3. Nf3 Nf6 4. d4 g6 5. c4 Qd6 6. Nc3 Bg7 7. h3 O-O 8. Be3 c6 9. Be2 Bf5 10. O-O Nbd7 11. Qb3 Qc7 12. Rac1 Rad8 13. Rfd1 Qb8 14. Qa3 Rfe8 15. d5 cxd5 16. Bxa7 Qa8 17. cxd5 b6 18. Bb5 Rc8 19. Bc6 Rxc6 20. dxc6 Qxc6 21. Nd5 Qb7 22. Rc7 Qxd5 23. Rxd5 Nxd5 24. Rb7 Ra8 25. b4 Nc3 26. Qa6 Bf6 27. Rc7 Kg7 28. Rc8 Nc5 29. Rxc5 bxc5 30. bxc5 Be4 31. a4 e6 32. c6 Bxc6 33. Qxc6 Rxa7 34. Nd2 Rxa4 35. Nf3 h5 36. g3 Ne2+ 37. Kg2 Nc3 38. Nd2 Ra2 39. Nc4 Bd4 40. Ne3 Nd5 41. Nxd5 Rxf2+ 42. Kh1 Rf1+ 43. Kg2 Rf2+ 44. Kh1 exd5 45. Qxd5 Bf6 46. Qe4 Rf5 47. g4 Re5 48. Qf4 h4 49. Kg2 Re2+ 50. Kf3 Re5 51. Qc4 g5 52. Qc6 Ra5 53. Qd7 Ra3+ 54. Kg2 Rg3+ 55. Kh2 Be5 56. Qf5 f6 57. Qd7+ Kh6 58. Qf7 Rxg4+ 59. Kh1 Rg3 60. Qf8+ Kg6 61. Qe8+ Kf5 62. Qd7+ Kf4 63. Qa4+ Kf3 64. Qb3+ Kf4 65. Qc4+ Kf5 66. Qc2+ Ke6 0-1


[Site "https://www.chess.com"]

[Event "Titled Tuesday Blitz February 07 Late 2023"]
[White "Gutkin, Ilya"]
[Black "Tinmaz, Kerem"]
[WhiteFideId "16203470"]
[BlackFideId "44559151"]
[WhiteElo "2273"]
[BlackElo "2177"]
[Result "1-0"]
[Round "06"]
[TimeControl "180+2"]
[Date "2023.02.07"]
[WhiteClock "0:00:53"]
[BlackClock "0:00:02"]

1. Nf3 d5 2. g3 Nf6 3. Bg2 c6 4. c4 Bf5 5. Qb3 Qb6 6. d3 e6 7. Be3 Qxb3 8. axb3 a6 9. cxd5 exd5 10. Nc3 Nbd7 11. Nd4 Bg6 12. Nc2 Bd6 13. b4 Rd8 14. h3 O-O 15. Kd2 Rfe8 16. Rhg1 Nf8 17. f4 h5 18. Raf1 Bf5 19. Bd4 Ne6 20. Be5 Bxe5 21. fxe5 Nd7 22. Rxf5 g6 23. Rff1 Nxe5 24. Bf3 Ng5 25. h4 Ngxf3+ 26. exf3 b6 27. Na4 Rb8 28. f4 Ng4 29. Re1 Red8 30. Nd4 Rdc8 31. Nb3 c5 32. bxc5 bxc5 33. Nbxc5 Rb4 34. Kc3 Rcb8 35. Re7 Kf8 36. Rge1 a5 37. Ra7 Rc8 38. Rxa5 Nf6 39. Kxb4 1-0


[Site "https://www.chess.com"]

[Event "Titled Tuesday Blitz February 07 Late 2023"]
[White "Mesa Cruz, Juan Carlos"]
[Black "Clawitter, Craig"]
[WhiteFideId "6423400"]
[BlackFideId "2023105"]
[WhiteElo "2122"]
[BlackElo "2050"]
[Result "1-0"]
[Round "06"]
[TimeControl "180+2"]
[Date "2023.02.07"]
[WhiteClock "0:01:15"]
[BlackClock "0:00:03"]

1. e4 e6 2. Qe2 c5 3. Nf3 Nc6 4. g3 g6 5. Bg2 Bg7 6. O-O Nge7 7. c3 O-O 8. d3 d6 9. Re1 e5 10. a3 Rb8 11. b4 b6 12. Nbd2 h6 13. Bb2 f5 14. d4 f4 15. dxe5 dxe5 16. Rad1 Qe8 17. Nc4 g5 18. Nd6 Qh5 19. Qc4+ Kh7 20. Nxc8 Rfxc8 21. b5 Na5 22. Qe6 Ng6 23. Rd7 g4 24. Qf7 Rg8 25. Nh4 Rbf8 26. Qxg6+ Qxg6 27. Nxg6 Kxg6 28. Bf1 Rf7 29. Red1 Rgf8 30. Rxf7 Rxf7 31. Be2 h5 32. Rd6+ Bf6 33. c4 Kg7 34. gxf4 exf4 35. e5 Be7 36. e6+ Bf6 37. exf7 Bxb2 38. Bd3 Bxa3 39. Bg6 Nxc4 40. Rd8 1-0


[Site "https://www.chess.com"]

[Event "Titled Tuesday Blitz February 07 Late 2023"]
[White "Smith, Garrett L"]
[Black "Aguilar, Juan"]
[WhiteFideId "2024829"]
[BlackFideId "3800091"]
[WhiteElo "2047"]
[BlackElo "2254"]
[Result "0-1"]
[Round "06"]
[TimeControl "180+2"]
[Date "2023.02.07"]
[WhiteClock "0:00:12"]
[BlackClock "0:00:12"]

1. e4 g6 2. d4 Bg7 3. Nc3 d6 4. Be3 a6 5. g4 b5 6. Bg2 Bb7 7. a4 b4 8. Na2 a5 9. c3 Nf6 10. f3 bxc3 11. Nxc3 O-O 12. Nge2 Nc6 13. h4 Nb4 14. h5 Ba6 15. Qd2 e5 16. d5 Nd3+ 17. Kf1 Nf4 18. Kf2 Rb8 19. Nxf4 exf4 20. Bxf4 c6 21. dxc6 Qb6+ 22. Be3 Qxc6 23. hxg6 fxg6 24. Kg1 Nd7 25. Nd5 Rbe8 26. Bd4 Ne5 27. Rc1 Qxa4 28. b4 axb4 29. Nc7 b3 30. Nxe8 Rxe8 31. f4 Nf3+ 32. Bxf3 Bxd4+ 33. Kg2 b2 34. Rb1 Bb7 35. f5 Rxe4 36. Qh6 Re2+ 37. Kf1 Rf2+ 38. Ke1 Qb4+ 39. Kd1 Bxf3# 0-1


[Site "https://www.chess.com"]

[Event "Titled Tuesday Blitz February 07 Late 2023"]
[White "Haszon, David"]
[Black "lisjakzlatko1"]
[WhiteFideId "733610"]
[WhiteElo "2264"]
[BlackElo "2213"]
[Result "1-0"]
[Round "06"]
[TimeControl "180+2"]
[Date "2023.02.07"]
[WhiteClock "0:00:51"]
[BlackClock "0:00:03"]

1. e4 d5 2. exd5 Nf6 3. Nc3 Nxd5 4. Bc4 Nb6 5. Bb3 a5 6. a4 Nc6 7. d3 Bf5 8. Nge2 e6 9. Ng3 Bg6 10. Be3 Nd4 11. Bxd4 Qxd4 12. Qf3 O-O-O 13. Nge2 Qd7 14. Nf4 Bf5 15. g4 Bg6 16. Nxg6 hxg6 17. O-O-O Bb4 18. Nb5 c6 19. Na3 Bxa3 20. bxa3 f6 21. Qe3 Nd5 22. Qa7 Qc7 23. Rde1 Rhe8 24. h4 b6 25. Qa6+ Kb8 26. h5 g5 27. Kb2 Qe5+ 28. Rxe5 fxe5 29. Qc4 Kb7 30. Qe4 Rf8 31. Qxe5 Rxf2 32. Qxg7+ 1-0


[Site "https://www.chess.com"]

[Event "Titled Tuesday Blitz February 07 Late 2023"]
[White "Figorito, Nick"]
[Black "mestrefeitosa19"]
[WhiteFideId "30923689"]
[WhiteElo "2036"]
[BlackElo "2209"]
[Result "1-0"]
[Round "06"]
[TimeControl "180+2"]
[Date "2023.02.07"]
[WhiteClock "0:02:33"]
[BlackClock "0:02:45"]

1. Nf3 d5 2. g3 e6 3. Bg2 Nf6 4. O-O Be7 5. d4 O-O 6. c4 b6 7. cxd5 exd5 8. Nc3 Bb7 9. Bf4 Nbd7 10. Rc1 c5 11. Ne5 Nxe5 12. dxe5 Ne4 13. Nxe4 dxe4 14. Qc2 Qd4 15. Rfd1 Qb4 16. Rd7 1-0


[Site "https://www.chess.com"]

[Event "Titled Tuesday Blitz February 07 Late 2023"]
[White "Torres Dominguez, David"]
[Black "CheckBits"]
[WhiteFideId "2220857"]
[WhiteElo "1994"]
[BlackElo "2403"]
[Result "1/2-1/2"]
[Round "06"]
[TimeControl "180+2"]
[Date "2023.02.07"]
[WhiteClock "0:00:13"]
[BlackClock "0:00:12"]

1. e4 e5 2. Bc4 Nf6 3. Nc3 Nc6 4. d3 Na5 5. f4 Nxc4 6. dxc4 d6 7. fxe5 dxe5 8. Qxd8+ Kxd8 9. Nf3 Bb4 10. Bd2 Nd7 11. O-O-O f6 12. Nd5 Bxd2+ 13. Rxd2 c6 14. Nb4 Kc7 15. Rhd1 Nc5 16. Re1 Bg4 17. Nd3 Ne6 18. h3 Bxf3 19. gxf3 Rad8 20. Nf2 Ng5 21. Re3 Rd4 22. b3 Rhd8 23. Rxd4 exd4 24. Rd3 Ne6 25. h4 Nf4 26. Rd2 g5 27. hxg5 fxg5 28. Nd3 Nxd3+ 29. cxd3 Rf8 30. Rh2 Rxf3 31. Rxh7+ Kb6 32. Rg7 Rxd3 33. Rxg5 Re3 34. c5+ Kb5 35. Rg7 Kb4 36. Kd2 b5 37. cxb6 axb6 38. Rb7 b5 39. a4 Rxb3 40. axb5 c5 41. b6 c4 42. Rd7 Rb2+ 43. Kc1 Kc3 44. Rxd4 Rxb6 45. Rd2 Ra6 46. Rc2+ Kd3 47. Rd2+ Kxe4 48. Rd8 Ra2 49. Rh8 Kd3 50. Rh3+ Kd4 51. Rh4+ Kc5 52. Rh3 Kb4 53. Kb1 Rg2 54. Kc1 Rf2 55. Kb1 Re2 56. Kc1 Ra2 57. Rg3 Rf2 58. Rh3 Rg2 59. Rf3 c3 60. Rf8 Kb3 61. Rb8+ Kc4 62. Rc8+ Kd3 63. Rd8+ Kc4 64. Rc8+ Kb4 65. Rb8+ Ka3 66. Ra8+ Kb3 67. Rb8+ Kc4 68. Rc8+ 1/2-1/2


[Site "https://www.chess.com"]

[Event "Titled Tuesday Blitz February 07 Late 2023"]
[White "Necula, Iulian"]
[Black "Yang, Qindong"]
[WhiteFideId "1232380"]
[BlackFideId "8603758"]
[WhiteElo "1851"]
[BlackElo "2127"]
[Result "0-1"]
[Round "06"]
[TimeControl "180+2"]
[Date "2023.02.07"]
[WhiteClock "0:00:58"]
[BlackClock "0:00:36"]

1. d4 Nf6 2. Nc3 d5 3. Bf4 c5 4. e4 dxe4 5. d5 a6 6. f3 exf3 7. Nxf3 g6 8. a4 Bg7 9. Bc4 O-O 10. O-O Nbd7 11. Re1 Nb6 12. Ba2 c4 13. Ne5 Nbxd5 14. Nxd5 Nxd5 15. Bg3 Be6 16. Bxc4 Rc8 17. b3 Nc7 18. Bxe6 Nxe6 19. Nd7 Bxa1 20. Nxf8 Qxd1 21. Rxd1 Bd4+ 22. Kf1 Kxf8 23. c4 Ke8 24. h4 f5 25. h5 gxh5 26. Ke2 Rd8 27. Rh1 f4 28. Be1 Ng7 29. Bb4 e5 30. Kf3 Kf7 31. g3 fxg3 32. Kxg3 Kg6 33. Rf1 Nf5+ 34. Kf3 Re8 35. Ke4 Ng3+ 0-1


[Site "https://www.chess.com"]

[Event "Titled Tuesday Blitz February 07 Late 2023"]
[White "Hoffmann, Asa"]
[Black "Kochetov, Andrey"]
[WhiteFideId "2001470"]
[BlackFideId "24130532"]
[WhiteElo "2185"]
[BlackElo "2165"]
[Result "0-1"]
[Round "06"]
[TimeControl "180+2"]
[Date "2023.02.07"]
[WhiteClock "0:00:22"]
[BlackClock "0:00:07"]

1. d4 Nf6 2. Bg5 Ne4 3. Bf4 d5 4. f3 Nf6 5. e4 dxe4 6. Nc3 exf3 7. Nxf3 Bf5 8. Bc4 e6 9. Ne5 Be7 10. O-O O-O 11. g4 Bg6 12. h4 Nd5 13. Bxd5 exd5 14. h5 Be4 15. Nxe4 dxe4 16. c3 Nd7 17. Qe2 c5 18. Qxe4 cxd4 19. cxd4 Nf6 20. Qd3 Nd5 21. Bd2 Bg5 22. Rae1 Bxd2 23. Qxd2 Qh4 24. Qg2 Rad8 25. Nf3 Qf6 26. g5 Qb6 27. Re5 Nf4 28. Qg4 Ne6 29. Rd1 Rd6 30. h6 Rfd8 31. Re4 Qxb2 32. Qf5 Qb6 33. Kg2 Rd5 34. Ne5 Qc7 35. Rc1 Qe7 36. Rg4 Rxd4 37. hxg7 Rxg4+ 38. Nxg4 Qxg5 39. Qxg5 Nxg5 40. Rc7 Rd2+ 41. Kg3 Kxg7 42. Rxb7 Rxa2 43. Ne3 Ne4+ 44. Kf4 Nc5 45. Rb8 Ra4+ 46. Kf3 Ne6 47. Nd5 Rd4 48. Ne7 Kf6 49. Nc6 Rc4 50. Nxa7 h5 51. Rh8 Ng7 52. Rh6+ Kg5 53. Rb6 Rc5 54. Nc6 Kg6 55. Ne7+ Kh7 56. Nc6 Rg5 57. Nd4 Rg6 58. Rb5 Ne6 59. Nf5 Ng5+ 60. Kf4 Ne6+ 61. Kf3 Rf6 62. Ke4 Ng7 63. Nh4 Rh6 64. Kf4 Ne6+ 65. Kf5 Nd4+ 66. Kg5 Nxb5 67. Nf5 Rg6+ 68. Kxh5 Nc7 69. Ne7 Ne6 70. Nxg6 fxg6+ 71. Kh4 Kh6 72. Kg4 g5 73. Kf5 Kh5 0-1


[Site "https://www.chess.com"]

[Event "Titled Tuesday Blitz February 07 Late 2023"]
[White "Roux, Baptiste"]
[Black "Kostiukov, Alexandr"]
[WhiteFideId "36017450"]
[BlackFideId "14108100"]
[WhiteElo "2300"]
[BlackElo "2271"]
[Result "0-1"]
[Round "06"]
[TimeControl "180+2"]
[Date "2023.02.07"]
[WhiteClock "0:01:56"]
[BlackClock "0:02:30"]

1. d4 g6 2. e4 Bg7 3. Be3 c5 4. Ne2 cxd4 5. Nxd4 Nf6 6. Nc3 Nc6 7. Bc4 Qa5 8. O-O Qb4 9. Bb3 Nxe4 10. Nxe4 Nxd4 11. c3 Ne2+ 12. Qxe2 Qxe4 13. Rad1 O-O 14. Bd5 Qe5 15. Bd4 Qxe2 0-1


[Site "https://www.chess.com"]

[Event "Titled Tuesday Blitz February 07 Late 2023"]
[White "Marczuk, Dominik"]
[Black "Jarocka, Liwia"]
[WhiteFideId "1111264"]
[BlackFideId "21807558"]
[WhiteElo "2253"]
[BlackElo "2225"]
[Result "1-0"]
[Round "06"]
[TimeControl "180+2"]
[Date "2023.02.07"]
[WhiteClock "0:00:45"]
[BlackClock "0:00:36"]

1. e4 d6 2. d4 g6 3. Nc3 Bg7 4. f4 Nf6 5. Nf3 O-O 6. Be3 Bg4 7. Qd2 Nbd7 8. e5 Ne8 9. Be2 c5 10. O-O-O cxd4 11. Bxd4 Qa5 12. Kb1 Bxf3 13. Bxf3 dxe5 14. fxe5 Nxe5 15. Bxb7 Rb8 16. Bd5 Nd6 17. Bb3 Nec4 18. Qe2 Bxd4 19. Rxd4 Rfc8 20. Nd5 e6 21. Ne7+ Kf8 22. Nxc8 Rxc8 23. Bxc4 1-0


[Site "https://www.chess.com"]